Map: Cerulean Fall LE

Players

Bly - Winner!

  • Race: Zerg Zerg
  • Spawn Location: 1:00

Namshar

  • Race: Zerg Zerg
  • Spawn Location: 7:00

Event: WCS Montreal 2018

VOD

Have the link to the VOD?

Description

Time

  • Played on: Sept. 7, 2018, 12:36 p.m.
  • Length: 3:05

All games in this series

Show
View Real Time Build Order
Export as new Build Order

Bly Zerg - Winner!

Build Orders: Pool Only 

Get SALT Encoding   

  12  0:17  Spawning Pool  
  11  0:22  Drone  
  11  0:27  Drone  
  13  0:33  Drone  
  14  0:42  Overlord  
  14  1:04  Zergling x4  
  14  1:06  Zergling x2  
  17  1:17  Zergling x2  
  18  1:27  Zergling x2  
  19  1:56  Spine Crawler  
  19  1:57  Spine Crawler  
  19  1:58  Spine Crawler  
  16  2:14  Evolution Chamber  
  15  2:25  Spine Crawler  
Show
View Real Time Build Order
Export as new Build Order

Namshar Zerg 

Build Orders: Hatch First 

Get SALT Encoding   

  12  0:00  Drone  
  13  0:12  Overlord  
  13  0:17  Drone  
  14  0:30  Drone x2  
  14  0:34  Drone  
  17  0:51  Hatchery  
  17  0:53  Drone  
  17  0:57  Drone  
  18  1:07  Extractor  
  17  1:12  Spawning Pool  
  17  1:15  Drone  
  18  1:18  Drone  
  18  1:28  Drone  
  19  1:58  Zergling x4  
  21  2:02  Queen  
  21  2:03  Zergling x2  
  21  2:04  Zergling x2  
  25  2:12  Zergling x2  
  25  2:25  Spine Crawler  
  24  2:33  Zergling x2  
  24  2:34  Zergling x2  
  25  2:47  Zergling x2  
  25  2:48  Zergling x2  
Tags
 
Add a new tag
Caveats
  • Supply blocks, unpowered buildings, or Contaminate may cause inaccurate times.
  • Supply counts are checked every 10 seconds.